Match 43053162
Unlisted

Match 43053162
End
Construct Section Command Post
Royal Engineer Section
Selects Canadian Shock Battlegroup
Dingo Light Scout Car
Infantry Section
Infantry Section
Selects Offensive Resupply
Selects Canadian Shock Section
Canadian Shock Section
Construct Platoon Command Post
Royal Engineer Section
Selects Incendiary Munitions
Selects Smoke Operation
6-pounder Anti-tank Gun Team
Construct Company Command Post
Selects Pyrotechnics
Crusader II Medium Tank
Foot Guards Section
Grenade Package
Dingo Light Scout Car
Matilda II Heavy Tank
6-pounder Anti-tank Gun Team
Selects Demolition Engineering
Crusader II Medium Tank
Crusader II Medium Tank
Demolition Engineering
Matilda II Heavy Tank
Smoke Operation
Demolition Engineering
Crusader II Medium Tank
Crusader II Medium Tank
Crusader II Medium Tank
Matilda II Heavy Tank
Unlock Towed 17-pounder Anti-tank Guns
Engooeer
Brick_man
Dr. T
Zeh Lothiack
Yoddha
Tawny Owl
0
0

Comments sign in to comment!

No comments posted yet!